Map: [ESL] Gresvan

Players

Serral - Winner!

  • Race: Zerg Zerg
  • Spawn Location: 11:00

ByuN

  • Race: Terran Terran
  • Spawn Location: 5:00

Event: IEM Katowice 2023

VOD

https://www.youtube.com/watch?v=-ZrliDu4HCw

Description

Time

  • Played on: Feb. 11, 2023, 10:56 a.m.
  • Length: 18:57

All games in this series

Show
View Real Time Build Order
Export as new Build Order

Serral Zerg - Winner!

Build Orders: Hatch First 

Get SALT Encoding   

  12  0:00  Drone  
  13  0:12  Overlord  
  13  0:16  Drone  
  14  0:30  Drone x2  
  16  0:47  Hatchery  
  15  0:51  Drone  
  15  0:54  Drone  
  17  0:58  Drone  
  18  1:09  Extractor  
  17  1:12  Spawning Pool  
  17  1:16  Drone  
  17  1:19  Drone  
  18  1:27  Drone  
  19  1:38  Drone  
  20  1:49  Drone  
  21  1:59  Queen x2  
  21  2:00  Zergling x2  
  21  2:01  Drone  
  27  2:10  Zergling x2  
  27  2:11  Overlord  
  27  2:13  Metabolic Boost  
  28  2:27  Hatchery  
  28  2:29  Drone  
  28  2:32  Drone  
  28  2:34  Drone  
  28  2:37  Drone  
  31  2:43  Queen  
  33  2:48  Overlord  
  33  2:51  Drone  
  34  2:53  Drone  
  34  2:55  Drone  
  36  3:03  Overlord  
  35  3:08  Drone x3  
  35  3:09  Drone  
  39  3:13  Queen  
  39  3:16  Drone  
  39  3:18  Drone  
  43  3:23  Queen  
  43  3:25  Drone  
  46  3:28  Drone  
  47  3:35  Drone  
  47  3:37  Overlord  
  47  3:39  Queen  
  47  3:41  Drone x2  
  51  3:42  Drone  
  51  3:45  Drone  
  54  3:49  Queen  
  54  3:52  Overlord  
  56  3:56  Drone x2  
  56  3:57  Drone  
  56  4:01  Queen  
  61  4:03  Drone  
  61  4:07  Drone x2  
  61  4:09  Overlord  
  64  4:15  Baneling Nest  
  64  4:17  Overlord  
  63  4:19  Drone x2  
  63  4:20  Zergling x2  
  63  4:23  Queen  
  68  4:28  Zergling x4  
  70  4:31  Lair  
  70  4:33  Overlord, Extractor  
  70  4:35  Drone x2  
  71  4:40  Queen  
  71  4:44  Zergling x8  
  77  4:46  Overlord  
  77  4:49  Zergling x6  
  80  4:54  Extractor, Overlord  
  80  4:58  Zergling x4  
  81  5:00  Drone x4  
  81  5:06  Drone x2  
  87  5:13  Drone x2  
  89  5:17  Zergling x4  
  91  5:23  Drone x2  
  91  5:24  Drone  
  91  5:26  Overlord, Evolution Chamber  
  93  5:29  Overlord  
  93  5:30  Baneling x3  
  93  5:31  Baneling x3, Zergling x8  
  93  5:32  Centrifugal Hooks  
  97  5:36  Drone x2  
  97  5:37  Drone x2  
  97  5:40  Overlord  
  101  5:44  Zergling x2  
  101  5:47  Hatchery  
  101  5:49  Zergling x4  
  103  5:52  Zerg Ground Armor Level 1  
  103  5:54  Extractor  
  103  5:55  Zergling x8  
  106  5:58  Overlord  
  104  6:05  Zergling x2  
  104  6:06  Zergling x12  
  104  6:08  Zergling x2  
  104  6:10  Queen  
  109  6:15  Drone x2  
  109  6:18  Drone  
  112  6:21  Zergling x6  
  112  6:24  Baneling x7  
  115  6:26  Zergling x2  
  115  6:28  Zergling x2  
  117  6:35  Drone x2  
  117  6:37  Drone  
  120  6:41  Drone, Evolution Chamber  
  120  6:42  Drone x2  
  120  6:43  Drone x2  
  120  6:49  Drone  
  117  6:55  Drone x2  
  117  6:59  Infestation Pit  
  118  7:02  Drone x2  
  118  7:03  Drone x4  
  118  7:04  Pneumatized Carapace  
  118  7:05  Overseer  
  118  7:06  Hydralisk Den  
  124  7:08  Queen, Zerg Melee Weapons Level 1  
  124  7:10  Drone  
  124  7:11  Drone  
  124  7:13  Drone  
  124  7:14  Drone  
  130  7:17  Drone  
  130  7:20  Overlord  
  130  7:22  Overlord  
  131  7:23  Drone x2  
  131  7:26  Overlord  
  131  7:29  Zergling x4  
  135  7:30  Overseer  
  135  7:33  Zergling x2  
  135  7:35  Baneling x7  
  136  7:42  Grooved Spines  
  136  7:44  Extractor, Drone x4  
  138  7:45  Drone, Zergling x2  
  138  7:46  Zergling x8  
  138  7:49  Hatchery  
  138  7:50  Zerg Ground Armor Level 2  
  144  7:52  Overlord  
  144  7:54  Zergling x6  
  146  8:01  Zergling x8  
  149  8:08  Zergling x8  
  153  8:14  Overlord  
  153  8:15  Zergling x16  
  153  8:16  Zergling x2  
  161  8:20  Zergling x2  
  161  8:26  Zergling x6  
  161  8:32  Overlord x3  
  161  8:33  Hydralisk  
  163  8:35  Hydralisk, Hatchery  
  163  8:37  Baneling x12, Hydralisk  
  163  8:38  Hydralisk  
  168  8:42  Extractor, Drone x4  
  168  8:46  Hydralisk x2  
  168  8:47  Zergling x2  
  176  8:50  Overlord  
  176  8:51  Zergling x10  
  176  8:53  Muscular Augments  
  180  9:02  Zergling x8  
  176  9:03  Zergling x8  
  176  9:08  Zergling x10  
  183  9:12  Hydralisk  
  183  9:13  Infestation Pit, Zergling x10  
  183  9:17  Drone, Zerg Melee Weapons Level 2  
  190  9:18  Spore Crawler  
  190  9:21  Drone  
  190  9:23  Drone  
  190  9:24  Zergling x4  
  193  9:26  Baneling  
  193  9:27  Baneling x8  
  189  9:36  Zergling x22  
  186  9:39  Zergling x2  
  186  9:40  Zergling x6  
  186  9:45  Zergling x4  
  191  9:51  Hydralisk x2, Zergling x2  
  189  9:55  Hydralisk x2  
  189  9:58  Hive  
  190  10:04  Drone x2  
  190  10:05  Zergling x6  
  195  10:08  Overseer  
  195  10:14  Baneling x3  
  195  10:17  Drone x6, Spore Crawler  
  196  10:24  Baneling x8  
  196  10:26  Hatchery  
  193  10:28  Zergling x14  
  193  10:33  Zergling x22  
  195  10:41  Zergling x8  
  197  10:44  Extractor  
  197  10:46  Zergling x10  
  197  10:53  Zergling x18  
  167  10:57  Zergling x6  
  167  11:02  Hydralisk  
  167  11:03  Hydralisk  
  163  11:04  Hydralisk x2  
  163  11:08  Hydralisk x2  
  163  11:10  Queen x2  
  163  11:11  Queen x2  
  162  11:13  Zergling x6  
  162  11:16  Zerg Ground Armor Level 3  
  162  11:17  Zergling x18  
  164  11:18  Baneling  
  164  11:19  Baneling x2  
  164  11:22  Zergling x4  
  164  11:23  Overseer  
  166  11:27  Hydralisk x2  
  166  11:28  Zergling x14  
  176  11:37  Zergling x8  
  176  11:42  Overseer  
  176  11:45  Zergling x10  
  166  11:48  Extractor, Baneling x4  
  166  11:49  Extractor  
  166  11:50  Extractor  
  166  11:51  Drone  
  166  11:52  Drone x2, Adrenal Glands  
  166  11:56  Extractor, Drone x4  
  166  11:57  Baneling  
  166  11:58  Baneling x7, Drone x2  
  166  11:59  Drone  
  166  12:00  Zergling x2  
  166  12:01  Zergling x6  
  175  12:06  Zergling x16  
  175  12:07  Zergling x6  
  178  12:08  Baneling x4  
  178  12:14  Zergling x12  
  184  12:17  Overlord  
  184  12:18  Overlord  
  184  12:23  Drone, Spore Crawler  
  184  12:25  Overseer  
  184  12:28  Zergling x20  
  194  12:37  Zerg Missile Weapons Level 1  
  194  12:40  Zergling x18  
  190  12:49  Viper x2  
  195  12:51  Drone x3  
  198  13:01  Drone  
  198  13:02  Drone x2  
  198  13:03  Zergling x6  
  198  13:05  Zergling x6  
  200  13:15  Baneling x12  
  183  13:20  Zergling x34  
  183  13:21  Zergling x4  
  183  13:25  Zergling x14  
  193  13:29  Zergling x16  
  193  13:32  Overseer x2  
  196  13:44  Drone  
  196  13:45  Drone, Lurker Den  
  197  13:48  Zergling x6  
  199  13:58  Baneling x12  
  199  13:59  Baneling x3, Drone  
  199  14:00  Drone  
  199  14:01  Extractor  
  198  14:08  Zergling x10  
  200  14:12  Zergling x2  
  200  14:13  Zergling x8  
  200  14:14  Burrow  
  199  14:23  Baneling x4  
  199  14:24  Baneling x4  
  196  14:28  Zergling x2  
  196  14:29  Zergling x8  
  196  14:30  Overseer  
  195  14:38  Zerg Missile Weapons Level 2  
  190  14:39  Viper  
  190  14:40  Baneling x10  
  190  14:41  Zergling x12  
  199  15:02  Extractor  
  199  15:06  Spore Crawler  
  193  15:07  Zergling x16  
  193  15:10  Overlord x2  
  188  15:19  Zergling x40  
  188  15:20  Zergling x2  
  191  15:23  Zergling x12  
  191  15:27  Zergling x2  
  183  15:30  Lurker x2  
  183  15:32  Adaptive Talons  
  183  15:33  Hydralisk x14  
  185  15:39  Zergling x22  
  185  15:42  Baneling x6  
  196  15:43  Baneling x21, Zerg Melee Weapons Level 3  
  196  15:44  Baneling x4  
  196  15:46  Hatchery  
  196  15:48  Overlord, Hatchery  
  196  15:49  Overseer  
  194  15:52  Extractor  
  194  15:53  Drone x3  
  190  16:00  Overseer  
  189  16:07  Zergling x30  
  189  16:10  Hatchery  
  195  16:13  Viper x2  
  197  16:28  Zergling x6  
  197  16:29  Seismic Spines  
  200  16:34  Overlord  
  200  16:36  Nydus Network  
  200  16:38  Drone  
  195  16:57  Zergling x18  
  199  17:07  Zergling x24  
  191  17:18  Zergling x22  
  196  17:25  Baneling x11  
  196  17:32  Infestor x2  
  197  17:39  Baneling  
  197  17:41  Baneling x4  
  190  17:45  Zergling x24  
  190  17:50  Zergling x10  
  191  18:04  Zergling x38  
  191  18:05  Zergling x36  
  199  18:09  Hydralisk x2, Zergling x2  
  199  18:10  Zergling x8  
  199  18:11  Infestor x2  
  196  18:15  Baneling x12  
  196  18:17  Zergling x6  
  199  18:23  Baneling x5  
  199  18:24  Baneling x5  
  188  18:30  Hydralisk x3  
  188  18:31  Zergling x26  
Show
View Real Time Build Order
Export as new Build Order

ByuN Terran 

Build Orders: Command Center First (CC) 

Get SALT Encoding   

  12  0:00  SCV  
  13  0:12  SCV  
  14  0:16  Supply Depot  
  14  0:24  SCV  
  15  0:38  SCV  
  16  0:50  SCV  
  17  0:58  Command Center  
  17  1:02  SCV  
  18  1:11  Barracks  
  18  1:15  SCV  
  19  1:20  Refinery  
  19  1:27  SCV  
  19  1:29  Refinery  
  20  1:39  SCV  
  21  1:43  Barracks  
  21  1:51  SCV  
  22  1:59  Barracks Reactor  
  22  2:03  Orbital Command  
  22  2:12  Orbital Command  
  22  2:29  SCV  
  23  2:30  Barracks Tech Lab  
  23  2:34  Factory  
  23  2:36  Marine  
  23  2:37  Marine  
  24  2:38  SCV  
  24  2:41  SCV  
  27  2:49  Marine  
  28  2:52  SCV  
  28  2:53  SCV  
  28  2:54  Marine x2  
  28  2:55  Stimpack  
  32  3:03  Supply Depot  
  32  3:04  SCV  
  32  3:05  SCV  
  34  3:08  Marine  
  34  3:12  Marine  
  36  3:18  SCV x2  
  36  3:19  Supply Depot  
  38  3:24  Starport  
  38  3:25  Factory Reactor  
  39  3:30  Marine  
  39  3:31  Marine x2  
  39  3:33  SCV x2  
  43  3:45  SCV  
  43  3:48  Marine x2, Supply Depot  
  43  3:49  Marine, SCV  
  47  3:57  SCV  
  47  4:01  SCV, Supply Depot  
  49  4:07  Marine  
  49  4:08  Marine x2  
  49  4:09  SCV  
  53  4:13  SCV  
  53  4:14  Supply Depot  
  53  4:15  Medivac  
  53  4:17  Medivac  
  58  4:22  SCV  
  59  4:25  Marine x2  
  59  4:26  Marine, SCV  
  59  4:31  Command Center  
  63  4:37  Refinery  
  63  4:38  SCV x2  
  65  4:39  Refinery  
  65  4:41  Combat Shield  
  65  4:51  Engineering Bay x2, SCV x2  
  67  5:03  SCV x2  
  67  5:05  Starport Reactor  
  67  5:06  Barracks  
  69  5:15  Barracks, SCV x2  
  69  5:16  Barracks  
  71  5:23  Terran Infantry Armor Level 1, Terran Infantry Weapons Level 1  
  71  5:24  Marine x3  
  71  5:25  Factory Reactor  
  71  5:28  SCV x2  
  76  5:35  Supply Depot  
  76  5:38  Supply Depot  
  76  5:42  SCV x2  
  78  5:43  Marine x3  
  78  5:49  Medivac x2  
  85  5:50  Orbital Command  
  85  6:04  Marine x2  
  85  6:10  Marine x2  
  83  6:12  Barracks Reactor  
  83  6:13  Barracks Reactor  
  83  6:14  Orbital Command, Marine, Widow Mine x2  
  88  6:20  Armory  
  88  6:22  SCV x2  
  90  6:31  Marine x4  
  94  6:33  Supply Depot x3  
  94  6:34  SCV x2  
  94  6:37  Marine  
  97  6:46  SCV x3  
  95  6:48  Marine  
  95  6:53  Marine x6  
  95  6:54  Marine  
  102  6:55  Marine  
  102  6:58  SCV x2  
  102  6:59  SCV  
  106  7:03  Widow Mine x2  
  106  7:08  Medivac x2  
  106  7:10  SCV  
  106  7:11  SCV x2  
  109  7:19  Barracks  
  109  7:21  Barracks x2  
  109  7:23  SCV x2  
  109  7:26  Terran Infantry Armor Level 2  
  111  7:30  Terran Infantry Weapons Level 2  
  111  7:33  Widow Mine x2  
  115  7:38  Medivac x2  
  115  7:39  Marine x4  
  115  7:40  Marine x3  
  115  7:41  Marine  
  127  7:48  SCV x3  
  130  7:51  Supply Depot  
  130  7:52  Supply Depot  
  130  7:53  Supply Depot  
  130  7:56  Marine  
  130  7:57  Marine x2  
  133  8:02  Marine x3  
  133  8:07  Barracks Tech Lab  
  133  8:08  Barracks Tech Lab x2  
  133  8:13  Marine x3  
  133  8:16  Command Center  
  136  8:20  Marine x2, Marauder  
  136  8:25  Widow Mine x2  
  142  8:27  Marauder x3, Concussive Shells  
  142  8:28  Marine x2  
  142  8:30  Medivac  
  142  8:34  Supply Depot  
  152  8:35  Refinery  
  152  8:36  Supply Depot  
  152  8:37  Supply Depot  
  152  8:42  Marauder  
  152  8:46  Marine  
  152  8:47  Widow Mine  
  157  8:49  Supply Depot  
  157  8:55  Marine x4  
  165  8:56  Widow Mine, Marauder  
  165  8:58  Marauder x2  
  165  9:02  Marine  
  159  9:03  Marine x2, Marauder  
  159  9:04  Marine  
  159  9:08  Widow Mine  
  165  9:13  Marine  
  170  9:17  Marine x3, Widow Mine, Marauder  
  170  9:20  Marine, Marauder x2  
  170  9:22  Medivac x2  
  182  9:24  Marauder  
  164  9:38  Marauder  
  164  9:41  Marine x5, Marauder x2, Widow Mine x2  
  164  9:42  Marine x2  
  179  9:49  Orbital Command  
  179  9:52  Medivac x2  
  180  9:53  Marauder  
  180  9:55  Marine  
  185  10:00  Marauder  
  185  10:02  Widow Mine, Terran Infantry Weapons Level 3  
  187  10:10  Marine x6  
  187  10:11  Marine  
  194  10:21  Marauder  
  194  10:22  Marauder x2  
  200  10:33  Widow Mine x2  
  200  10:34  Marine, Medivac  
  200  10:35  Marine x2  
  193  10:44  Marine x3, Marauder x2  
  200  10:52  Medivac  
  200  10:53  Marine x2  
  200  10:57  Marauder  
  180  10:59  Marauder  
  180  11:01  Marine x2  
  180  11:02  Marine x3  
  180  11:03  Widow Mine  
  180  11:04  Medivac  
  171  11:05  Marine, Marauder x2  
  171  11:11  Marine x2, Widow Mine  
  172  11:18  Marauder  
  165  11:19  Marine x2  
  165  11:20  Marauder  
  165  11:22  Marine  
  165  11:23  Marine x3  
  171  11:27  Marauder  
  171  11:28  Marine  
  171  11:29  Marine  
  171  11:30  SCV x2  
  175  11:34  Marine  
  175  11:37  Marine  
  175  11:39  Widow Mine x2  
  181  11:43  SCV  
  181  11:45  Marine x4  
  158  11:49  SCV x2  
  158  11:52  SCV  
  161  11:55  SCV  
  161  11:59  Marine  
  161  12:00  Marine x4  
  159  12:01  SCV x2  
  159  12:04  SCV  
  159  12:06  Marine, Marauder x2  
  159  12:07  SCV  
  162  12:10  Widow Mine x2  
  162  12:13  Marine x4, SCV  
  171  12:17  Marine, Medivac x2  
  171  12:19  SCV x3  
  179  12:30  Marine x2  
  181  12:37  Marine x2, Marauder x2  
  181  12:39  Command Center  
  181  12:40  Widow Mine x2  
  181  12:44  Marine, Marauder x2  
  190  12:47  Medivac x2  
  195  12:52  Marine x4  
  195  12:59  Marauder x2  
  195  13:03  Terran Infantry Armor Level 3  
  198  13:08  Marauder  
  200  13:17  Marine  
  200  13:19  Marine  
  190  13:20  Widow Mine x2  
  190  13:23  Marauder x2  
  190  13:24  Marine  
  180  13:29  Marine  
  180  13:32  Marine x3  
  180  13:33  Marauder x2  
  178  13:35  Ghost Academy  
  178  13:36  Marine x2  
  178  13:38  Medivac x2  
  178  13:40  Marine  
  183  13:42  Widow Mine x2  
  187  13:49  Marauder x2  
  187  13:52  Marine  
  187  13:54  Marine, Marauder  
  187  13:55  Marine x2  
  182  13:56  Marine  
  182  13:57  Marine  
  180  14:03  SCV x2, Widow Mine x2  
  180  14:08  SCV x2  
  180  14:09  Marauder  
  184  14:10  Marauder x2  
  184  14:11  Planetary Fortress  
  184  14:16  SCV  
  181  14:18  SCV  
  181  14:20  SCV  
  181  14:23  Ghost  
  182  14:24  Widow Mine  
  182  14:25  Widow Mine  
  182  14:26  SCV  
  182  14:28  SCV  
  182  14:30  Ghost, SCV  
  182  14:31  Ghost x2  
  190  14:37  Marine x3  
  197  14:46  Widow Mine  
  199  15:06  Sensor Tower, Ghost  
  195  15:08  Ghost  
  192  15:15  Ghost x2  
  192  15:19  Marine  
  192  15:20  Marine, Widow Mine  
  192  15:21  Marine x2, Widow Mine  
  171  15:27  Marine x3  
  171  15:28  Marine  
  145  15:30  Medivac x2  
  145  15:33  SCV  
  145  15:35  Ghost  
  150  15:36  Marine, Ghost, SCV x2  
  150  15:41  Widow Mine  
  159  15:43  Ghost, Widow Mine  
  159  15:45  Marine x3  
  159  15:46  Marine x3  
  169  15:53  Marauder  
  171  16:00  Medivac  
  171  16:03  Widow Mine  
  173  16:04  Widow Mine, Marauder  
  173  16:05  Ghost, Missile Turret  
  178  16:12  Ghost  
  180  16:21  Command Center x2  
  180  16:24  Widow Mine  
  180  16:25  Ghost x2, Command Center  
  178  16:26  Widow Mine  
  184  16:38  Ghost  
  186  16:44  Medivac  
  186  16:46  Marine x2  
  190  16:48  Marine  
  190  16:51  Refinery  
  185  17:05  SCV x3  
  185  17:06  SCV  
  184  17:09  Marauder x3  
  180  17:17  Marine, SCV x2  
  180  17:18  Marine  
  180  17:19  Ghost  
  180  17:21  Marine, Personal Cloaking  
  180  17:22  Marine x5  
  184  17:26  Widow Mine  
  184  17:30  Marine  
  184  17:31  Marauder x2  
  184  17:38  Widow Mine  
  179  17:45  Marine  
  179  17:46  Marine x2  
  179  17:47  Marine  
  179  17:48  Widow Mine  
  179  17:49  Marauder x2  
  161  17:52  Marauder  
  153  18:00  Widow Mine  
  143  18:09  Widow Mine  
  132  18:21  Orbital Command, Widow Mine  
  132  18:22  Orbital Command  
  125  18:31  Widow Mine  
  125  18:32  Marine  
  120  18:34  Marauder  

Tags
 
Add a new tag
Caveats
  • Supply blocks, unpowered buildings, or Contaminate may cause inaccurate times.
  • Supply counts are checked every 10 seconds.